 Dungeon Crawl Stone Soup version 0.30-a0-728-gc68057be0a (webtiles) character file.

Game seed: 13602265952992619040

563 browni3141 the Digger (level 7, 0/52 HPs)
             Began as a Human Earth Elementalist on Jan 30, 2023.
             Slain by an ufetubus (2 damage)
             ... summoned by Eustachio
             ... on level 4 of the Dungeon.
             The game lasted 00:07:45 (3764 turns).

browni3141 the Digger (Human Earth Elementalist)    Turns: 3764, Time: 00:07:47

Health: 0/52       AC:  3    Str:  8    XL:     7   Next: 58%
Magic:  1/10       EV: 12    Int: 17    God:
Gold:   160        SH:  0    Dex: 14    Spells: 2/10 levels left

rFire   . . .      SeeInvis .    d - +0 dagger
rCold   . . .      Faith    .    (no shield)
rNeg    . . .      Spirit   .    a - +0 robe
rPois   .          Reflect  .    (no helmet)
rElec   .          Harm     .    (no cloak)
rCorr   .          Rampage  .    (no gloves)
Will    +....                    e - +0 pair of boots
Stlth   +++                      (no amulet)
HPRegen 0.28/turn                m - ring of willpower
MPRegen 0.12/turn                (no ring)

@: no status effects
A: no striking features
a: no special abilities


You were on level 4 of the Dungeon.
You visited 1 branch of the dungeon, and saw 4 of its levels.

You collected 160 gold pieces.

Inventory:

Hand Weapons
 d - a +0 dagger (weapon)
Armour
 a - a +0 robe (worn)
 e - a +0 pair of boots (worn)
Jewellery
 m - a ring of willpower (left hand)
Wands
 p - a wand of polymorph (6)
Scrolls
 c - a scroll of magic mapping
 f - 3 scrolls of enchant armour
 g - 3 scrolls of fog
 h - 2 scrolls of vulnerability
 j - a scroll of immolation
 l - a scroll of enchant weapon {unknown}
Potions
 b - a potion of magic
 i - a potion of mutation
 k - a potion of heal wounds {unknown}
 n - a potion of flight {unknown}
 o - a potion of invisibility {unknown}


   Skills:
 - Level 3.0 Fighting
 - Level 2.0 Dodging
 - Level 4.0 Stealth
 - Level 2.0 Spellcasting
 - Level 2.0 Conjurations
 - Level 3.0 Translocations
 - Level 2.0 Transmutations
 * Level 5.0 Earth Magic


You had 2 spell levels left.
You knew the following spells:

 Your Spells              Type           Power      Damage    Failure   Level
a - Sandblast             Erth           36%        2d10      2%          1
b - Passwall              Tmut/Erth      10%        N/A       7%          2
c - Stone Arrow           Conj/Erth      26%        3d8       14%         3
d - Blink                 Tloc           22%        N/A       9%          2

Your spell library contained the following spells:

 Spells                   Type           Power      Damage    Failure   Level
 Lesser Beckoning         Tloc           22%        N/A       9%          2
 Momentum Strike          Conj/Tloc      20%        3d8       11%         2
 Petrify                  Tmut/Erth      13%        N/A       41%         4
 Ozocubu's Armour         Ice            1%         N/A       50%         3
 Metabolic Englaciation   Hex/Ice        0%         N/A       99%         5
 Simulacrum               Ice/Necr       0%         N/A       100%        6


Dungeon Overview and Level Annotations

Branches:
Dungeon (4/15)
 Temple: D:4-7

Altars:

Annotations:
D:4 1 runed translucent door, Crazy Yiuf, Eustachio


Message History

Eustachio blinks!
The ufetubus barely misses you. x2
Eustachio gestures wildly while chanting.
Eustachio blinks!
The ufetubus misses you. x2
Aiming: Sandblast (safe; 2% risk of failure)
Press: ? - help, Q - select action, (/) - cycle Shift-Dir - straight line, f/p - Eustachio
Aim: Eustachio, wielding a +0 falchion and wearing a +0 leather armour (severely wounded, 75% to hit)
The blast of sand hits Eustachio but does no damage.
Eustachio is severely wounded.
The ufetubus closely misses you. The ufetubus hits you. x2
The ufetubus barely misses you.
The ufetubus hits you but does no damage.
The ufetubus closely misses you. The ufetubus attacks as you move away!
The ufetubus closely misses you. The ufetubus hits you.
Eustachio hits you with a +0 falchion!
Your magical contamination has completely faded away.
You hit Eustachio.
Eustachio is severely wounded.
The ufetubus hits you. x2; Eustachio hits you with a +0 falchion!
The ufetubus closely misses you. The ufetubus hits you.
* * * LOW HITPOINT WARNING * * *
The ufetubus attacks as you move away! The ufetubus hits you.
* * * LOW HITPOINT WARNING * * *
The ufetubus closely misses you. Eustachio attacks as you move away!
Eustachio hits you with a +0 falchion!
* * * LOW HITPOINT WARNING * * *
Eustachio casts a spell.
Eustachio blinks!
Unknown command.
Casting: Sandblast (safe; 2% risk of failure)
Confirm with . or Enter, or press ? or * to list all spells.
Okay, then.
Aiming: Polymorph
Press: ? - help, Shift-Dir - straight line, f/p - Eustachio
Aim: Eustachio, wielding a +0 falchion and wearing a +0 leather armour (severely wounded, will become a boggart, a bat, or a bullfrog, chance to affect: 49%) Eustachio resists with some effort.
The ufetubus hits you.
* * * LOW HITPOINT WARNING * * *
The ufetubus closely misses you.
Eustachio drinks a potion.
Eustachio seems to grow stronger.
The ufetubus hits you.
You die...

..........###.....#
#...#
####.......##.....#
#§###
##..###.######## #.#
#...##.# #.# #.#.##.#
#.#
#.#.##.##########.#
#...........§5.5..#
###..####..#5##.###
#### #...#.....#@##.#
...# #.....#....@##.#
##.###...#.....####.#
.....###.......####.#
...#.# ######<......#
####.# ######### #.#
##.## ##...##


You could see Eustachio (strong), an iron imp (summoned) and an ufetubus
(summoned).

Vanquished Creatures
  An ogre (D:4)
  A phantom (D:4)
  A scorpion (D:4)
  An orc priest (D:4)
  2 iguanas (D:4)
  Natasha (twice) (D:4)
  An orc wizard (D:4)
  5 adders
  6 gnolls
  A worm (D:3)
  4 dart slugs
  3 orcs (D:4)
  7 ball pythons
  8 endoplasms
  A giant cockroach (D:1)
  3 goblins
  8 hobgoblins
  4 jackals (D:1)
  3 quokkas
  3 bats
  4 frilled lizards
  7 kobolds
  6 rats
82 creatures vanquished.

Vanquished Creatures (others)
  10 plants (D:2)
10 creatures vanquished.

Grand Total: 92 creatures vanquished

Notes
Turn   | Place    | Note
-------+----------+-------------------------------------------
     0 | D:1      | browni3141 the Human Earth Elementalist began the quest for
                  | the Orb.
     0 | D:1      | Reached XP level 1. HP: 13/13 MP: 3/3
   175 | D:1      | Reached skill level 1 in Fighting
   250 | D:1      | Reached XP level 2. HP: 19/21 MP: 0/5
   827 | D:1      | Learned a level 2 spell: Passwall
   851 | D:2      | Reached XP level 3. HP: 26/26 MP: 4/6
  1142 | D:2      | Reached skill level 4 in Earth Magic
  1197 | D:2      | Reached XP level 4. HP: 32/32 MP: 5/7
  2002 | D:3      | Reached XP level 5. HP: 32/37 MP: 0/8
  2277 | D:3      | Found a faded altar of an unknown god.
  2305 | D:3      | Reached skill level 5 in Earth Magic
  2468 | D:3      | Learned a level 3 spell: Stone Arrow
  2471 | D:3      | Learned a level 2 spell: Blink
  2693 | D:4      | Noticed Natasha
  2700 | D:4      | Killed Natasha
  2767 | D:4      | Reached skill level 1 in Conjurations
  2767 | D:4      | Reached skill level 1 in Translocations
  2767 | D:4      | Reached XP level 6. HP: 44/44 MP: 5/9
  2945 | D:4      | Noticed Natasha
  2971 | D:4      | Natasha changed into Natasha the iguana
  2971 | D:4      | Noticed Natasha
  3143 | D:4      | Killed Natasha the iguana
  3189 | D:4      | Noticed Natasha
  3191 | D:4      | Killed Natasha
  3198 | D:4      | Reached XP level 7. HP: 38/51 MP: 4/10
  3393 | D:4      | Found a runed translucent door.
  3394 | D:4      | Noticed Crazy Yiuf
  3716 | D:4      | Noticed Eustachio
  3764 | D:4      | HP: 2/52 [ufetubus[Eustachio] (3)]
  3764 | D:4      | Slain by an ufetubus

Illustrated notes

Levels and vault maps discovered:
D:1:      heliophobic_arrival_ceremonial_halls, layout_basic
D:2:      layout_loops_ring, serial_forest, infiniplex_forest_lined_3,
          infiniplex_forest_straight_3, infiniplex_forest_clump_tiny,
          infiniplex_forest_lined_room_3, infiniplex_forest_straight_4,
          infiniplex_forest_clump_C, infiniplex_forest_clump_double,
          kennysheep_doodads, minmay_misc_feat_chi
D:3:      layout_loops_ring, shapermc_ecumenical_altar_venn, serial_rivers,
          chequers_serial_rivers_small_b, chequers_serial_rivers_small_b,
          chequers_serial_rivers_micro_d, chequers_serial_rivers_marsh,
          chequers_serial_rivers_micro_c, chequers_serial_rivers_micro_d,
          kennysheep_nondescript
D:4:      layout_loops_cross, uniq_eustachio, uniq_natasha,
          uniq_crazy_yiuf_cottage

Skill      XL: |  1  2  3  4  5  6  7 |
---------------+----------------------+-----
Fighting       | 1 2 3 |  3.0
Transmutations | 2 |  2.0
Earth Magic    | 4 5 |  5.0
Conjurations   | 1 2 |  2.0
Translocations | 1 2 3 |  3.0
Stealth        | 3 4 |  4.0
Dodging        | |  2.0
Spellcasting   | |  2.0

Action                     |  1- 3 |  4- 6 |  7- 9 || total
---------------------------+-------+-------+-------++-------
  Melee: Dagger            |    27 |     9 |     4 ||    40
         Unarmed           |       |    13 |       ||    13
   Cast: Sandblast         |    41 |    76 |    19 ||   136
         Blink             |       |       |     2 ||     2
         Stone Arrow       |       |       |     2 ||     2
  Evoke: Wand              |       |     1 |     1 ||     2
    Use: Scroll            |     5 |     1 |       ||     6
         Potion            |       |       |     2 ||     2
 Armour: Robe              |     7 |     8 |    15 ||    30
  Dodge: Dodged            |    34 |    34 |    42 ||   110

Table legend: (Time is in decaauts)
 A = Elapsed time spent in this place.
 B = Non-inter-level travel time spent in this place.
 C = Inter-level travel time spent in this place.
 D = Time resting spent in this place.
 E = Time spent auto-exploring this place.
 F = Levels seen in this place.
 G = Mean time per level.
                   A        B        C        D        E       F      G
               +--------+--------+--------+--------+--------+-----+--------+
         Total |   3831 |   3747 |     84 |    330 |   2689 |   4 |  957.8 |
       Dungeon |   3831 |   3747 |     84 |    330 |   2689 |   4 |  957.8 |
               +--------+--------+--------+--------+--------+-----+--------+

Top non-repeatable levels by time:
     D:2: 990 daAuts
     D:3: 978 daAuts
     D:4: 942 daAuts
     D:1: 919 daAuts
